 Dungeon Crawl Stone Soup version 0.32-a0-876-gcfddb08e57 (webtiles) character file.

Game seed: 14684867614538479308

453 smashvw the Ruffian (level 6, 0/65 HPs)
             Began as a Troll Berserker on Mar 31, 2024.
             Was a Priest of Trog.
             Slain by Pikel
             ... wielding a +2 whip of flaming
              (7 damage)
             ... on level 4 of the Dungeon.
             The game lasted 00:06:24 (3101 turns).

smashvw the Ruffian (Troll Berserker)               Turns: 3101, Time: 00:06:25

Health: 0/65       AC:  4    Str: 26    XL:     6   Next: 75%
Magic:  5/5        EV:  9    Int:  3    God:    Trog [***...]
Gold:   221        SH:  0    Dex: 11    Spells: 5/5 levels left

rFire   . .          .
                       - Unarmed
rCold   . . .        (no shield)
rNeg    . . .        a - +0 animal skin
rPois   .            (helmet restricted)
rElec   .            n - scarf {harm}
rCorr   .            (gloves unavailable)
SInv    .            (boots unavailable)
Will    +....        (no amulet)
Stlth   +            (no ring)
HPRegen 1.10/turn    (no ring)
MPRegen 0.09/turn

%: harm (+30% outgoing, +20% incoming)
@: enlightened, flying
A: large, unfitting armour, claws 3, regeneration 1, shaggy fur 1, tough skin 1
a: Renounce Religion, Berserk, Trog's Hand


You were on level 4 of the Dungeon.
You worshipped Trog.
Trog was most pleased with you.
You visited 1 branch of the dungeon, and saw 4 of its levels.

You collected 221 gold pieces.

Inventory:

Missiles
 u - 8 poisoned darts (quivered)
Armour
 a - a +0 animal skin (worn)
 n - a scarf of harm (worn)
Jewellery
 p - a ring of ice
 s - a ring of see invisible
Wands
 l - a wand of charming (6)
 q - a wand of polymorph (9)
Scrolls
 c - 3 scrolls of teleportation {unknown}
 d - 2 scrolls of fog {unknown}
 e - 6 scrolls of identify {unknown}
 h - a scroll of enchant weapon {unknown}
 k - 3 scrolls of fear {unknown}
 o - 2 scrolls of revelation {unknown}
 t - a scroll of blinking {unknown}
 v - a scroll of brand weapon {unknown}
Potions
 b - a potion of heal wounds {unknown}
 f - a potion of lignification {unknown}
 g - a potion of enlightenment
 i - a potion of ambrosia {unknown}
 j - 4 potions of degeneration {unknown}
 m - 3 potions of curing {unknown}
 r - a potion of cancellation {unknown}


   Skills:
 + Level 4.8 Fighting
 - Level 2.4 Dodging
 + Level 5.8 Unarmed Combat


You had 5 spell levels left.
You didn't know any spells.
Your spell library was empty.

Dungeon Overview and Level Annotations

Branches:
Dungeon (4/15)             Temple (0/1) D:4

Altars:
Makhleb

Annotations:
D:4 Pikel


Innate Abilities, Weirdness & Mutations

You are too large for most types of armour.
You have claws for hands.
Your natural rate of healing is unusually fast.
You are covered in fur. (AC +1)
You have tough skin. (AC +1)


Message History

The orc priest is heavily wounded.
The lemure hits you but does no damage. The lemure barely misses you.
The orc priest completely misses you.
You mangle the orc priest!!
You kill the orc priest!
Trog accepts your kill. The lemure hits you.
The lemure hits you but does no damage.
Your life force feels restored.
You barely miss the lemure. The orc hits you with a +0 flail!
The lemure hits you but does no damage. The lemure hits you.
You claw the lemure! x2
You kill the lemure!
That felt strangely unrewarding.
The lemure hits you. The orc attacks as it pursues you!
The orc hits you with a +0 flail. The orc misses you. The lemure hits you.
Pikel says, "Hell isn't that bad."
Pikel attacks as he pursues you!
Pikel hits you with a +2 whip of flaming.
Pikel burns you. Pikel attacks as he pursues you!
Pikel hits you with a +2 whip of flaming!
* * * LOW HITPOINT WARNING * * *
Pikel burns you.
* * * LOW HITPOINT WARNING * * *
Pikel attacks as he pursues you!
Pikel hits you with a +2 whip of flaming!
* * * LOW HITPOINT WARNING * * *
Pikel burns you.
* * * LOW HITPOINT WARNING * * *
It was a potion of enlightenment.
You feel very buoyant.
You fly up into the air.
Pikel barely misses you.
Throw: 9 darts (poison)
Press: ? - help, Q - select action, (/) - cycle Shift-Dir - straight line, f - Pikel
Aim: Pikel, wielding a +2 whip of flaming and wearing a +0 robe (45% to hit)
You throw a poisoned dart. The poisoned dart hits Pikel.
Pikel hits you with a +2 whip of flaming.
You die...
Pikel says, "Another soul for the market."

###########'########......#
...................#......#
..................#......#
#...######..###..#......#
###...######..###..##...)##
+..........#<...#...'....#
#..........#....#...#....#
#..)....5..#....#...#....#
#.##..##..##@..##..##....####
#.######.o##K..#########†....


55K #..o.5o..........#..... .o... #................'.>... ..#####
##..###..##..##.##..... ._. ###..###..##+###'###'#.. ....
#.........#...)...#..#.. ... #.........#.......#..#.. ###...##..#########.##..
You could see Pikel, a lemure and an orc.

Vanquished Creatures
  3 lemures (D:4)
  A kobold brigand (D:3)
  A scorpion (D:4)
  An orc priest (D:4)
  Natasha (thrice) (D:2)
  8 gnolls (D:3)
  3 adders
  4 ribbon worms
  A dart slug (D:2)
  2 orcs (D:3)
  6 bats
  6 endoplasms
  A giant cockroach (D:3)
  4 goblins
  4 hobgoblins
  3 jackals (D:2)
  A quokka (D:4)
  4 ball pythons
  4 frilled lizards
  54 kobolds
  6 rats
120 creatures vanquished.

Notes
Turn   | Place    | Note
-------+----------+-------------------------------------------
     0 | D:1      | smashvw the Troll Berserker began the quest for the Orb.
     0 | D:1      | Reached XP level 1. HP: 22/22 MP: 0/0
   147 | D:1      | Reached XP level 2. HP: 29/29 MP: 1/1
   740 | D:2      | Identified the +1 helmet "Heass" {-Tele Will+ MP+9}
   763 | D:2      | Reached XP level 3. HP: 37/37 MP: 2/2
   790 | D:2      | Reached ** piety under Trog
  1138 | D:2      | Noticed Natasha
  1144 | D:2      | Killed Natasha
  1145 | D:2      | Reached skill level 4 in Unarmed Combat
  1149 | D:2      | Noticed Natasha
  1154 | D:2      | Killed Natasha
  1155 | D:2      | Reached XP level 4. HP: 32/45 MP: 3/3
  1283 | D:2      | Noticed Natasha
  1295 | D:2      | Killed Natasha
  1706 | D:3      | Reached XP level 5. HP: 54/54 MP: 4/4
  2161 | D:3      | Reached skill level 5 in Unarmed Combat
  2162 | D:3      | Reached *** piety under Trog
  2215 | D:3      | Reached XP level 6. HP: 41/60 MP: 5/5
  2888 | D:4      | Found a staircase to the Ecumenical Temple.
  3068 | D:4      | Found a burning altar of Makhleb.
  3070 | D:4      | Noticed Pikel
  3101 | D:4      | Slain by Pikel

Illustrated notes

Levels and vault maps discovered:
D:1:      beargit_arrival_greenhouse, layout_loops_ring, grunt_decor_fettered,
          minmay_bisected
D:2:      layout_rooms, minmay_nonomino_d4, uniq_natasha
D:3:      minmay_goblin_kobold_castle, layout_loops_ring, nicolae_eternal_life
D:4:      layout_gridville, grunt_temple_overflow_open,
          minmay_temple_entry_statues_fountains, uniq_pikel

Skill      XL: |  1  2  3  4  5 |
---------------+----------------+-----
Fighting       | 3 4 |  4.8
Unarmed Combat | 4 5 |  5.8
Dodging        | |  2.4

Action                     |  1- 3 |  4- 6 || total
---------------------------+-------+-------++-------
  Melee: Unarmed           |    88 |   170 ||   258
         Punch             |     3 |     6 ||     9
  Throw: Dart              |       |     1 ||     1
 Invoke: Berserk           |       |     1 ||     1
    Use: Potion            |       |     1 ||     1
 Armour: Animal skin       |    61 |   152 ||   213
         Skin              |       |     3 ||     3
  Dodge: Dodged            |    42 |    88 ||   130

Table legend: (Time is in decaauts)
 A = Elapsed time spent in this place.
 B = Non-inter-level travel time spent in this place.
 C = Inter-level travel time spent in this place.
 D = Time resting spent in this place.
 E = Time spent auto-exploring this place.
 F = Levels seen in this place.
 G = Mean time per level.
                   A        B        C        D        E       F      G
               +--------+--------+--------+--------+--------+-----+--------+
         Total |   3090 |   2992 |     98 |    195 |   2246 |   4 |  772.5 |
       Dungeon |   3090 |   2992 |     98 |    195 |   2246 |   4 |  772.5 |
               +--------+--------+--------+--------+--------+-----+--------+

Top non-repeatable levels by time:
     D:3: 1319 daAuts
     D:2: 796 daAuts
     D:1: 690 daAuts
     D:4: 283 daAuts
